 Dungeon Crawl Stone Soup version 0.30.0-16-gbe6223bb7e (webtiles) character file.

Game seed: 12744645012666219565

13956 Fymir27 the Grappler (level 11, -13/160 HPs)
             Began as a Troll Warper on May 20, 2023.
             Was a Follower of Uskayaw.
             Mangled by a hell knight
             ... wielding a +1 broad axe of flaming
              (17 damage)
             ... in a volcano.
             The game lasted 01:24:52 (9134 turns).

Fymir27 the Grappler (Troll Warper)                 Turns: 9134, Time: 01:24:52

Health: -13/160    AC:  2    Str: 21    XL:     11   Next: 82%
Magic:  1/13       EV: 25    Int: 17    God:    Uskayaw [*.....]
Gold:   521        SH:  0    Dex: 20    Spells: 5/14 levels left

rFire   + .          .
                       - Unarmed
rCold   . . .        L - melded +2 kite shield of Death's Door {Regen+ Str+3}
rNeg    . . .        I - melded +0 robe "Orrestrai" {rPois rC+ rCorr Stlth+}
rPois   .            j - melded +1 hat
rElec   .            A - melded scarf {repulsion}
rCorr   .            (gloves unavailable)
SInv    .            (boots unavailable)
Will    .....        (no amulet) Stlth
                     y - +6 ring of intelligence
HPRegen 1.26/turn    J - ring of Surprise {+Blink rPois rF+ Dex+4 Stlth-}
MPRegen 0.13/turn

%: no passive effects
@: berserking, spider-form, wereblooded, very quick
A: venomous fangs, tiny, unfitting armour, (claws 3), regeneration 1, (shaggy
fur 1), (tough skin 1)
a: End Transformation, Renounce Religion, Evoke Blink, Stomp


You were in a volcano.
You worshipped Uskayaw.
Uskayaw was noncommittal.
You were a venomous arachnid creature.
You visited 2 branches of the dungeon, and saw 10 of its levels.
You also visited: Bailey and Volcano.

You collected 685 gold pieces.
You spent 164 gold pieces at shops.

Inventory:

Hand Weapons
 e - a +2 heavy dire flail
 k - a +1 short sword of electrocution
Missiles
 h - 8 boomerangs (quivered)
 i - 5 javelins
 q - 17 poisoned darts
Armour
 a - a +0 robe
 j - a +1 hat (melded)
 A - a scarf of repulsion (melded)
 H - +0 acid dragon scales
 I - the +0 robe "Orrestrai" (melded) {rPois rC+ rCorr Stlth+}
   (You found it on level 7 of the Dungeon)

   rC:        It protects you from cold.
   rPois:     It protects you from poison.
   rCorr:     It protects you from acid and corrosion.
   Stlth:     It makes you more stealthy.
 L - the +2 kite shield of Death's Door (melded) {Regen+ Str+3}
   (You acquired it on level 8 of the Dungeon)

   Str:       It affects your strength (+3).
   Regen:     It increases your rate of health regeneration.
 M - a +0 robe of willpower
 P - +0 steam dragon scales
Jewellery
 y - a +6 ring of intelligence (left front pincers)
 F - a +5 ring of evasion
 J - the ring of Surprise (right front pincers) {+Blink rPois rF+ Dex+4 Stlth-}
   (You acquired it in a bailey)

   [ring of poison resistance]

   Dex:       It affects your dexterity (+4).
   rF:        It protects you from fire.
   rPois:     It protects you from poison.
   +Blink:    It lets you blink.
   Stlth:     It makes you less stealthy.
Wands
 c - a wand of roots (33)
 l - a wand of flame (5)
 x - a wand of polymorph (15)
Scrolls
 b - 7 scrolls of blinking
 d - 4 scrolls of teleportation
 m - 2 scrolls of poison {unknown}
 n - 2 scrolls of enchant armour {unknown}
 o - 2 scrolls of noise {unknown}
 u - 4 scrolls of enchant weapon
 v - a scroll of fear {unknown}
 B - 4 scrolls of immolation {unknown}
 D - a scroll of amnesia {unknown}
 G - a scroll of silence {unknown}
 R - a scroll of fog {unknown}
Potions
 g - a potion of flight
 r - 6 potions of brilliance
 s - a potion of berserk rage
 t - 3 potions of curing
 w - 3 potions of lignification {unknown}
 z - 2 potions of might {unknown}
 C - 2 potions of cancellation
 E - a potion of mutation {unknown}
 K - 3 potions of invisibility
 N - 2 potions of magic {unknown}
 O - a potion of attraction {unknown}
 Q - a potion of haste


   Skills:
 + Level 6.5 Fighting
 - Level 5.2 Throwing
 + Level 6.6 Dodging
 * Level 4.4 Shields
 + Level 9.8 Unarmed Combat
 - Level 2.0 Spellcasting
 + Level 4.2 Translocations
 - Level 4.0 Transmutations
 - Level 4.0 Poison Magic
 + Level 3.8 Invocations


You had 5 spell levels left.
You knew the following spells:

 Your Spells              Type           Power      Damage    Failure   Level
a - Blink                 Tloc           32%        N/A       14%         2
b - Lesser Beckoning      Tloc           32%        N/A       14%         2
c - Wereblood             Tmut           15%        N/A       16%         2
d - Spider Form           Tmut/Pois      15%        N/A       26%         3

Your spell library contained the following spells:

 Spells                   Type           Power      Damage    Failure   Level
 Apportation              Tloc           32%        N/A       11%         1
 Beastly Appendage        Tmut           30%        N/A       12%         1
 Teleport Other           Tloc           16%        N/A       24%         3
 Passwall                 Tmut/Erth      6%         N/A       30%         2
 Cigotuvi's Dreadful Rot  Necr/Pois/Air  12%        N/A       36%         2
 Ignite Poison            Fire/Tmut/Pois 10%        N/A       41%         3
 Vhi's Electric Charge    Tloc/Air       16%        N/A       45%         3
 Ensorcelled Hibernation  Hex/Ice        2%         N/A       50%         2
 Manifold Assault         Tloc           16%        N/A       54%         4
 Passage of Golubria      Tloc           16%        N/A       54%         4
 Swiftness                Air            1%         N/A       71%         3
 Alistair's Intoxication  Tmut/Pois      10%        N/A       87%         5
 Sticky Flame             Conj/Fire      1%         2d3       96%         4
 Freezing Cloud           Conj/Ice/Air   0%         6-21      100%        5
 Silence                  Hex/Air        0%         N/A       100%        5
 Ignition                 Fire           0%         3d3       100%        8
 Lehudib's Crystal Spear  Conj/Erth      0%         10d2      100%        8


Dungeon Overview and Level Annotations

Branches:
Dungeon (9/15)             Temple (0/1) D:7            Lair (1/5) D:9
 Bailey (visited)         Volcano (1/1)
    Orc: D:9-12

Altars:
Ashenzari
Gozag
Kikubaaqudgha
Okawaru
Sif Muna
Trog
Uskayaw
Wu Jian
Zin

Shops:
D:1 [   D:2 [*


Innate Abilities, Weirdness & Mutations

You are a venomous arachnid creature.
You have venomous fangs.
You are tiny and dextrous.
Your spellcasting is less reliable in this form.
Your armour is entirely melded.
You are incapable of wielding weapons or throwing items.
You are too large for most types of armour.
((You have claws for hands.))
Your natural rate of healing is unusually fast.
((You are covered in fur. (AC +1)))
((You have tough skin. (AC +1)))


Message History

The centaur shoots an arrow.
The arrow hits you!
* * * LOW HITPOINT WARNING * * *
There is an open door, spattered with blood here.
Things that are here:
a +2 arbalest of flaming; a +0 shortbow of flaming You feel much better.
You hiss as the wereblood boils in your veins!
The hell knight completely misses you.
The centaur shoots an arrow.
The arrow hits you!
* * * LOW HITPOINT WARNING * * *
The arrow burns you.
* * * LOW HITPOINT WARNING * * *
The hell knight completely misses you.
The centaur shoots an arrow.
The arrow misses you.
You feel much better. The hell knight misses you.
A red film seems to cover your vision as you go berserk!
You feel yourself moving faster!
You feel mighty!
The hell knight hits you with a +1 broad axe of flaming!!
* * * LOW HITPOINT WARNING * * *
The hell knight burns you!
* * * LOW HITPOINT WARNING * * *
The centaur shoots an arrow.
The arrow completely misses you. The hell knight completely misses you.
The centaur shoots an arrow.
The arrow misses you.
You bite the hell knight!
The hell knight looks as sick as possible!
The hell knight is heavily wounded.
You bite the hell knight!
The hell knight looks as sick as possible!
The hell knight is severely wounded.
You hiss as the wereblood boils in your veins!
The hell knight hits you with a +1 broad axe of flaming!!
* * * LOW HITPOINT WARNING * * *
The hell knight burns you.
* * * LOW HITPOINT WARNING * * *
You bite the hell knight!
The hell knight looks as sick as possible!
The hell knight is almost dead.
The hell knight hits you with a +1 broad axe of flaming!
You die...

######### ####.......##
###.....≈§§§§.#
###+#######8......≈§§§§≈.
........sp......≈≈≈≈§≈≈§≈
.......####8....≈§≈§≈§§§≈
....... ###...≈§≈≈≈≈≈≈≈
....... ##..≈§§≈≈≈§§≈≈
.#...#. ####.§≈≈§≈§§§≈≈≈≈
#...#. #.#..≈≈≈§≈§§§≈§≈○
#._ #. #....§§§≈≈≈§§≈§≈○
##. #∩ #...≈§§≈§≈≈§§≈§≈≈
##.§..§≈≈≈§≈≈≈§§§


You could see a hell knight (fast, extremely poisoned).

Vanquished Creatures
  A two-headed ogre (D:7)
  Pikel (D:6)
  An orc sorcerer (Bailey)
  Maggie (D:7)
  2 kobold demonologists
  2 torpor snails (Lair:1)
  A yaktaur (Volcano)
  A hornet (D:9)
  4 blink frogs (Lair:1)
  Prince Ribbit (D:8)
  A wraith (D:7)
  A wyvern (D:9)
  A shadow (D:9)
  18 yaks
  Eustachio (D:5)
  5 fire bats (Volcano)
  A steam dragon (D:9)
  A basilisk (Lair:1)
  Menkaure (D:5)
  Edmund (D:6)
  An acid dragon (D:8)
  Duvessa (D:4)
  3 sky beasts
  15 orc warriors
  2 ice beasts
  2 ogres (D:4)
  5 black bears
  2 centaurs
  3 lemures (D:6)
  4 bullfrogs
  A kobold brigand (D:8)
  Blork the orc (D:5)
  4 scorpions
  12 killer bees
  2 electric eels (Bailey)
  7 howler monkeys
  2 jellies
  8 lava snakes (Volcano)
  5 hounds
  2 orc priests (D:5)
  4 iguanas
  5 orc wizards
  A sleepcap (D:4)
  Natasha (thrice) (D:2)
  7 gnolls
  7 adders
  3 shadow imps
  2 ufetubi
  A worm (D:5)
  A dart slug (D:1)
  20 orcs
  6 bats
  4 endoplasms
  2 giant cockroaches (D:2)
  11 goblins
  14 hobgoblins
  2 quokkas
  6 ball pythons
  4 frilled lizards
  13 kobolds
  5 rats
249 creatures vanquished.

Vanquished Creatures (others)
  A human (D:3)
  An orc wizard (D:4)
2 creatures vanquished.

Grand Total: 251 creatures vanquished

Notes
Turn   | Place    | Note
-------+----------+-------------------------------------------
     0 | D:1      | Fymir27 the Troll Warper began the quest for the Orb.
     0 | D:1      | Reached XP level 1. HP: 19/19 MP: 1/1
   280 | D:1      | Reached XP level 2. HP: 28/28 MP: 2/2
   298 | D:1      | Found a faded altar of an unknown god.
   357 | D:1      | Found Cinarphe's Armour Boutique.
   663 | D:2      | Reached skill level 1 in Throwing
   680 | D:2      | Reached XP level 3. HP: 19/35 MP: 3/3
   704 | D:2      | Learned a level 2 spell: Blink
   788 | D:2      | Found Ahoxoxta's Antique Armour Shoppe.
   791 | D:2      | Found Liul's General Store.
   810 | D:2      | Bought 2 potions of degeneration for 20 gold pieces
   871 | D:2      | Noticed Sigmund
   872 | D:2      | Noticed Natasha
   936 | D:2      | Learned a level 2 spell: Lesser Beckoning
  1008 | D:3      | Found an ancient bone altar of Kikubaaqudgha.
  1011 | D:3      | Noticed a human
  1013 | D:3      | Killed a human
  1249 | D:3      | Reached skill level 3 in Unarmed Combat
  1891 | D:3      | Reached XP level 4. HP: 42/42 MP: 4/4
  1975 | D:4      | Noticed an ogre
  2262 | D:4      | Reached XP level 5. HP: 28/49 MP: 4/6
  2298 | D:4      | Killed an ogre
  2364 | D:4      | Found a broken altar of Ashenzari.
  2413 | D:4      | Reached XP level 6. HP: 58/59 MP: 7/7
  2464 | D:4      | Reached skill level 4 in Unarmed Combat
  2542 | D:4      | Found a shimmering blue altar of Sif Muna.
  2673 | D:5      | Entered Level 5 of the Dungeon
  2677 | D:5      | Learned a level 2 spell: Wereblood
  2752 | D:5      | Noticed Menkaure
  2760 | D:5      | Noticed Dowan
  2778 | D:6      | Noticed Edmund
  2780 | D:6      | Reached XP level 7. HP: 18/66 MP: 8/8
  2793 | D:6      | Killed Edmund
  2794 | D:6      | Reached skill level 1 in Transmutations
  2894 | D:5      | Noticed Blork the orc
  2896 | D:5      | Noticed Duvessa
  2911 | D:6      | Reached skill level 5 in Unarmed Combat
  3100 | D:5      | Found an opulent altar of Gozag.
  3116 | D:5      | Killed Blork the orc
  3117 | D:5      | Reached XP level 8. HP: 67/75 MP: 10/10
  3294 | D:2      | Killed Natasha
  3348 | D:2      | Noticed Natasha
  3360 | D:2      | Killed Natasha
  3415 | D:2      | Noticed Natasha
  3421 | D:2      | Killed Natasha
  3576 | D:2      | Sigmund changed into Sigmund the killer bee
  3576 | D:2      | Noticed Sigmund
  3581 | D:2      | Killed Sigmund the killer bee
  3657 | D:1      | Bought a scarf of repulsion for 144 gold pieces
  3780 | D:5      | Killed Menkaure
  3783 | D:5      | Noticed Eustachio
  3807 | D:5      | Killed Eustachio
  3808 | D:5      | Reached skill level 6 in Unarmed Combat
  4132 | D:4      | Killed Duvessa
  4133 | D:4      | Dowan changed into Dowan the ogre
  4133 | D:4      | Noticed Dowan
  4213 | D:4      | Killed Dowan the ogre
  4349 | D:5      | Learned a level 3 spell: Spider Form
  4354 | D:5      | Found a hide-covered altar of Uskayaw.
  4373 | D:5      | Became a worshipper of Uskayaw the Reveller
  4414 | D:6      | Reached * piety under Uskayaw
  4432 | D:6      | Noticed Pikel
  4442 | D:6      | Reached ** piety under Uskayaw
  4443 | D:6      | Killed Pikel
  4444 | D:6      | Reached skill level 7 in Unarmed Combat
  4444 | D:6      | Reached XP level 9. HP: 45/85 MP: 6/11
  4708 | D:6      | Found an ornate altar of the Wu Jian Council.
  4904 | D:7      | Noticed a two-headed ogre
  4914 | D:7      | Reached *** piety under Uskayaw
  4915 | D:7      | Killed a two-headed ogre
  4916 | D:7      | Reached skill level 5 in Dodging
  4916 | D:7      | Reached skill level 8 in Unarmed Combat
  4916 | D:7      | Reached skill level 1 in Poison Magic
  4951 | D:7      | Reached skill level 5 in Fighting
  4953 | D:7      | Reached **** piety under Uskayaw
  4954 | D:7      | Reached skill level 5 in Throwing
  5039 | D:7      | Reached XP level 10. HP: 96/96 MP: 12/12
  5264 | D:7      | Found a staircase to the Ecumenical Temple.
  5380 | D:7      | Noticed Maggie
  5398 | D:7      | Killed Maggie
  5402 | D:7      | Identified the +0 robe "Orrestrai" {rPois rC+ rCorr Stlth+}
  5506 | D:7      | Noticed an angel
  5507 | D:7      | Found a glowing silver altar of Zin.
  5738 | D:8      | Found a flagged portal.
  5771 | Bailey   | Entered a bailey
  5969 | Bailey   | Reached skill level 1 in Invocations
  6130 | Bailey   | Noticed an orc sorcerer
  6145 | Bailey   | Killed an orc sorcerer
  6146 | Bailey   | Reached skill level 9 in Unarmed Combat
  6158 | Bailey   | Reached ***** piety under Uskayaw
  6271 | Bailey   | Acquired the ring of Surprise {+Blink rPois rF+ Dex+4
                  | Stlth-}
  6298 | Bailey   | Found an iron altar of Okawaru.
  6491 | D:8      | Acquired the +2 kite shield of Death's Door {Regen+ Str+3}
  6601 | D:8      | Noticed Prince Ribbit
  6610 | D:8      | Killed Prince Ribbit
  6679 | D:8      | Reached skill level 1 in Shields
  7144 | D:9      | Reached XP level 11. HP: 105/105 MP: 5/13
  7561 | D:9      | Found a staircase to the Lair.
  8085 | D:9      | Found an iron altar of Okawaru.
  8085 | D:9      | Found a bloodstained altar of Trog.
  8461 | Lair:1   | Entered Level 1 of the Lair of Beasts
  8974 | Lair:1   | Found a dark tunnel.
  8980 | Volcano  | Entered a volcano
  9035 | Volcano  | Reached ****** piety under Uskayaw
  9113 | Volcano  | Noticed a hell knight
  9127 | Volcano  | Found a bloodstained altar of Trog.
  9133 | Volcano  | HP: 5/160 [hell knight/+1 broad axe of flaming (20)]
  9134 | Volcano  | Mangled by a hell knight

Illustrated notes

Levels and vault maps discovered:
D:1:      wander_arrival_desolate, layout_loops_ring,
          hellmonk_ecumenical_altar_crossroads, serial_shops, shop
D:2:      layout_rooms, serial_shops, nicolae_shop_peninsula, shop,
          uniq_natasha, uniq_sigmund
D:3:      layout_basic, tgw_kikubaaqudgha, corexii_leaking_fountain
D:4:      layout_basic, general_overflow_altar, cheibrodos_ashenzari_chains
D:5:      layout_gridville, lemuel_doored_altar, nicolae_uskayaw_dance_hall,
          grunt_ministairs_14, uniq_blork_the_orc, uniq_eustachio,
          uniq_menkaure, uniq_duvessa
D:6:      layout_rooms, pdpol_wu_jian_five_deadly_venoms, serial_glass,
          glass_columns_c, glass_columns_a, kennysheep_small_circle, uniq_pikel,
          uniq_edmund
D:7:      layout_basic, zin_angel, minmay_temple_entry_waves,
          kennysheep_generic_room_14, uniq_maggie
D:8:      layout_basic, enter_bailey_5, chequers_decorated_corner,
          uniq_prince_ribbit1
D:9:      layout_gridville, grunt_temple_overflow_bloody_war, dpeg_oklobed_lair
Lair:1:   layout_gridlike, nicolae_volcano_entry_s_turn, minivault_11,
          grunt_megastairs_1
Volcano:  volcano_grotto [vgs_statue_spotlight]

Skill      XL: |  1  2  3  4  5  6  7  8  9 10 11 |
---------------+----------------------------------+-----
Dodging        | 2 3 4 5 6 |  6.6
Throwing       | 1 2 3 4 5 |  5.2
Fighting       | 2 3 4 5 6 |  6.5
Unarmed Combat | 3 4 5 7 8 9 |  9.8
Translocations | 3 4 |  4.2
Spellcasting   | 2 |  2.0
Transmutations | 1 2 3 4 |  4.0
Poison Magic   | 2 3 4 |  4.0
Invocations    | 2 3 |  3.8
Shields        | 1 4 |  4.4

Action                     |  1- 3 |  4- 6 |  7- 9 | 10-12 || total
---------------------------+-------+-------+-------+-------++-------
  Melee: Whip              |    40 |       |       |       ||    40
         Unarmed           |    88 |    75 |   195 |   401 ||   759
         Punch             |     1 |     2 |     6 |     7 ||    16
  Throw: Boomerang         |     3 |    15 |    24 |    22 ||    64
         Javelin           |     1 |     5 |     7 |     2 ||    15
         Dart              |       |     6 |    11 |       ||    17
         Throwing net      |       |       |     1 |       ||     1
   Cast: Blink             |       |       |     2 |       ||     2
         Wereblood         |       |       |     1 |    17 ||    18
         Lesser Beckoning  |       |       |     1 |     3 ||     4
         Spider Form       |       |       |       |    15 ||    15
 Invoke: Line Pass         |       |       |     3 |     7 ||    10
         Stomp             |       |       |       |    14 ||    14
  Evoke: Wand              |       |     2 |    21 |       ||    23
    Use: Scroll            |     4 |     4 |     2 |     4 ||    14
         Potion            |       |     1 |     2 |     6 ||     9
   Stab: Paralysed         |       |       |     2 |    13 ||    15
         Confused          |       |       |       |     3 ||     3
         Distracted        |       |       |       |     1 ||     1
 Armour: Robe              |    46 |    33 |    39 |    65 ||   183
         Skin              |       |       |       |     3 ||     3
  Dodge: Dodged            |    75 |    42 |    76 |   263 ||   456
         Repelled          |       |       |       |     4 ||     4
  Block: Kite shield       |       |       |       |   107 ||   107
